 Dungeon Crawl Stone Soup version 0.28.0-43-g3370ac3207 (webtiles) character file.

Game seed: 4461641630588538589

9 Milton the Stinger (level 2, 0/11 HPs)
             Began as a Felid Venom Mage on Mar 6, 2022.
             Slain by a quokka (4 damage)
             ... on level 1 of the Dungeon.
             The game lasted 00:02:26 (156 turns).

Milton the Stinger (Felid Venom Mage)                Turns: 156, Time: 00:02:28

Health: 0/11       AC:  1    Str:  4    XL:     2   Next: 3%
Magic:  1/6        EV: 17    Int: 16    God:
Gold:   0          SH:  0    Dex: 16    Spells: 4/5 levels left
                                        Lives:  0   Deaths: 0

rFire   . . .      SeeInvis +   (weapon unavailable)
rCold   . . .      Faith    .   (shield unavailable)
rNeg    . . .      Spirit   .   (armour unavailable)
rPois   .          Reflect  .   (helmet unavailable)
rElec   .          Harm     .   (cloak unavailable)
rCorr   .          Rampage  .   (gloves unavailable)
Will    .....                   (boots unavailable)
Stlth   ++........              (no amulet)
HPRegen 0.03/turn               (no ring)
MPRegen 0.10/turn               (no ring)

@: very slightly contaminated, quick
A: very small, claws 1, fangs 3, see invisible, speed 1, shaggy fur 1, stealthy
paws, no weapons or thrown items, no armour, multi-lived
a: no special abilities


You were on level 1 of the Dungeon.
You visited 1 branch of the dungeon, and saw 1 of its levels.

Inventory:

Potions
 a - a potion of magic {unknown}


   Skills:
 * Level 0.2 Fighting
 * Level 2.8 Dodging
 * Level 2.8 Stealth
 * Level 0.1 Unarmed Combat
 * Level 2.1 Spellcasting
 * Level 1.2 Transmutations
 * Level 2.9 Poison Magic


You had 4 spell levels left.
You knew the following spells:

 Your Spells              Type           Power      Damage    Failure   Level
a - Sting                 Tmut/Pois      32%        1d4       9%          1

Your spell library contained the following spells:

 Spells                   Type           Power      Damage    Failure   Level
 Poisonous Vapours        Pois/Air       12%        N/A       17%         2
 Mephitic Cloud           Conj/Pois/Air  4%         N/A       38%         3
 Olgreb's Toxic Radiance  Pois           11%        N/A       52%         4


Dungeon Overview and Level Annotations

Branches:
Dungeon (1/15)

Altars:


Innate Abilities, Weirdness & Mutations

You have sharp claws.
You have razor-sharp teeth.
You have supernaturally acute eyesight. (SInv)
You cover ground quickly. (Speed+)
You are covered in fur. (AC +1)
Your paws help you pounce on unaware monsters.
You are incapable of wielding weapons or throwing items.
You cannot wear armour.
You gain extra lives every three experience levels.


Message History

Press: ? - help, Q - select action Shift-Dir - straight line, f - endoplasm
Aim: an endoplasm (97% to hit)
The sting hits the endoplasm.
The endoplasm partially resists.
The endoplasm is poisoned.
The endoplasm is moderately wounded.
Aiming: Sting (safe; 9% risk of failure)
Press: ? - help, Q - select action Shift-Dir - straight line, f/p - endoplasm
Aim: an endoplasm (lightly wounded, poisoned, 97% to hit)
The sting hits the endoplasm.
The endoplasm partially resists.
The endoplasm is moderately wounded.
The endoplasm barely misses you.
You kill the endoplasm!
You have reached level 2!
Okay, then.
You see here a +0 dagger.
You see here a hobgoblin corpse.
You see here a bat corpse.
A quokka comes into view.
A goblin comes into view. It is wielding a +0 club.
Found 2 bubbling brown potions.
The goblin shouts!
Aiming: Sting (safe; 9% risk of failure)
Press: ? - help, Q - select action Shift-Dir - straight line, f - quokka
Aim: a quokka (wandering, hasn't noticed you, 56% to hit)
The sting misses the quokka.
A quokka comes into view.
Aiming: Sting (safe; 9% risk of failure)
Press: ? - help, Q - select action Shift-Dir - straight line, f/p - quokka
Aim: a quokka (56% to hit)
The sting misses the quokka.
The quokka bites you.
Unknown command.
Aiming: Sting (safe; 9% risk of failure)
Press: ? - help, Q - select action Shift-Dir - straight line, f/p - quokka
Aim: a quokka (56% to hit)
You miscast Sting.
You are very lightly contaminated with residual magic.
Nothing appears to happen.
The quokka misses you. The quokka bites you.
You die...

..†.....#
.......#####
..)........#
...........# ###
♣♣♣#######.# ##.#
#.# #..# #.####..#
#...†...#
##...##@#######
........####r.......
.....##.............
.... #.............
... !.......gr.....
.. .#............. .
...............
...###......### ...
#..##...


You could see 2 quokkas and a goblin.

Vanquished Creatures
  2 bats (D:1)
  2 endoplasms (D:1)
  A goblin (D:1)
  A hobgoblin (D:1)
  A rat (D:1)
7 creatures vanquished.

Notes
Turn   | Place    | Note
-------+----------+-------------------------------------------
     0 | D:1      | Milton the Felid Venom Mage began the quest for the Orb.
     0 | D:1      | Reached XP level 1. HP: 7/7 MP: 4/4
   111 | D:1      | Reached XP level 2. HP: 7/11 MP: 0/6
   156 | D:1      | Slain by a quokka

Illustrated notes

Levels and vault maps discovered:
D:1:      sevenhm_arrival_forest_fort_large_4, layout_rooms

Action                   || total
-------------------------++-------
Melee: Unarmed           ||     4
       Punch             ||     1
       Bite              ||     1
 Cast: Sting             ||    11
 Stab: Sleeping          ||     1
Dodge: Dodged            ||     6
